 Dungeon Crawl Stone Soup version 0.26-a0-20-g5f92b90fa0 (webtiles) character file.

Game seed: 13105247392412470295, levelgen mode: deterministic

114 Error4North the Skirmisher (level 4, 0/41 HPs)
             Began as a Hill Orc Fighter on May 24, 2020.
             Slain by Crazy Yiuf
             ... wielding a +2 quarterstaff of chaos
              (1 damage)
             ... on level 3 of the Dungeon on May 26, 2020.
             The game lasted 00:07:34 (2301 turns).

Error4North the Skirmisher (Hill Orc Fighter)       Turns: 2301, Time: 00:07:35

Health: 0/41       AC:  7    Str: 19    XL:     4   Next: 98%
Magic:  4/4        EV:  7    Int:  8    God:
Gold:   171        SH:  9    Dex: 10    Spells: 3/3 levels left

rFire    . . .     SeeInvis .   a - +0 war axe
rCold    . . .     Gourm    .   c - +0 kite shield
rNeg     . . .     Faith    .   b - +0 scale mail
rPois    .         Spirit   .   (no helmet)
rElec    .         Reflect  .   (no cloak)
rCorr    .         Harm     .   (no gloves)
MR       +....                  (no boots)
Stlth    ..........             (no amulet)
HPRegen  0.13/turn              l - ring of protection from magic (curse)
MPRegen  0.09/turn              (no ring)

@: slowed, very slow
A: no striking features
a: no special abilities


You were on level 3 of the Dungeon.
You were not hungry.

You visited 1 branch of the dungeon, and saw 3 of its levels.

You collected 171 gold pieces.

Inventory:

Hand Weapons
 a - a +0 war axe (weapon)
Missiles
 p - 4 boomerangs (quivered)
Armour
 b - a +0 scale mail (worn)
 c - a +0 kite shield (worn)
Jewellery
 l - a cursed ring of protection from magic (left hand)
Scrolls
 i - 2 scrolls of teleportation {unknown}
 j - 2 scrolls of fog {unknown}
 o - 4 scrolls of identify {unknown}
 r - a scroll of magic mapping {unknown}
 s - a scroll of fear {unknown}
Potions
 d - 2 potions of might
 e - a potion of magic {unknown}
 g - a potion of haste {unknown}
 k - a potion of cancellation {unknown}
 m - 3 potions of curing {unknown}
 n - a potion of degeneration {unknown}
 q - a potion of berserk rage {unknown}
Comestibles
 f - 6 rations
 h - 2 chunks of flesh


   Skills:
 * Level 4.4 Fighting
 + Level 4.0 Axes
 * Level 4.0 Armour
 + Level 0.1 Dodging
 * Level 4.2 Shields


You had 3 spell levels left.
You didn't know any spells.
Your spell library was empty.

Dungeon Overview and Level Annotations

Branches:
Dungeon (3/15)

Altars:
Gozag
Hepliaklqana

Annotations:
D:3 Crazy Yiuf


Message History

You barely miss Crazy Yiuf.
Crazy Yiuf hits you with a +2 quarterstaff of chaos!
Crazy Yiuf freezes you.
You slash Crazy Yiuf!
Crazy Yiuf is heavily wounded.
Crazy Yiuf hits you with a +2 quarterstaff of chaos!
You feel yourself slow down.
Crazy Yiuf cries, "Adder alas agre!"
Crazy Yiuf hits you with a +2 quarterstaff of chaos.
You closely miss Crazy Yiuf.
Crazy Yiuf is heavily wounded.
You block Crazy Yiuf's attack.
You closely miss Crazy Yiuf.
Crazy Yiuf is heavily wounded.
Crazy Yiuf hits you with a +2 quarterstaff of chaos!
* * * LOW HITPOINT WARNING * * *
Crazy Yiuf hits you with a +2 quarterstaff of chaos.
* * * LOW HITPOINT WARNING * * *
Crazy Yiuf burns you.
You die...

###........####..##
###....#...# #....#
...........# ♣.P..♣
...........# ♣.PP♣♣
...........# ♣♣.♣♣
....##....## ♣.♣♣
....#...#..# ♣♣.♣
#. ..........##
♣.♣♣ #.###
......##### ♣♣@♣
#...# ....#...####
#g# #...#
...####....# ...
#...# ....# ######
#...# #...#
....######## #..)#
#...# ...........#
##### #.<.##
....######## #.÷..#
....#
###########....#
÷÷)##
#..............#


You could see Crazy Yiuf.

Vanquished Creatures
  4 adders
  A dart slug (D:3)
  2 leopard geckos
  A ball python (D:1)
  5 giant cockroaches
  11 goblins
  5 hobgoblins
  15 jackals
  6 bats
  4 frilled lizards
  6 kobolds
  8 rats
68 creatures vanquished.

Notes
Turn   | Place    | Note
-------+----------+-------------------------------------------
     0 | D:1      | Error4North the Hill Orc Fighter began the quest for the
                  | Orb.
     0 | D:1      | Reached XP level 1. HP: 19/19 MP: 1/1
    50 | D:1      | Reached XP level 2. HP: 24/27 MP: 2/2
   384 | D:1      | Reached XP level 3. HP: 23/33 MP: 3/3
   909 | D:2      | Upgraded the game from 0.26-a0-8-gc4d20be10f to
                  | 0.26-a0-20-g5f92b90fa0
  1028 | D:2      | Reached XP level 4. HP: 37/40 MP: 4/4
  1380 | D:2      | Found an opulent altar of Gozag.
  1453 | D:2      | Found a hazy altar of Hepliaklqana.
  2293 | D:3      | Found a runed translucent door.
  2294 | D:3      | Noticed Crazy Yiuf
  2301 | D:3      | HP: 1/41 [Crazy Yiuf/+2 quarterstaff of chaos (4)]
  2301 | D:3      | Slain by Crazy Yiuf

Illustrated notes

Levels and vault maps discovered:
D:1:      roderic_crossed_star, layout_basic, hex_medium,
          minmay_misc_feat_columns, minmay_tetromino_l4
D:2:      layout_loops_corners, nicolae_overflow_hidden_temple, first_ration,
          chequers_serial_rivers_micro_e, grunt_gozag_statues
D:3:      layout_rooms, uniq_crazy_yiuf_cottage

Skill      XL: |  1  2  3  4 |
---------------+-------------+-----
Fighting       | 4 |  4.4
Axes           | 3 4 |  4.0
Shields        | 4 |  4.2
Armour         | 4 |  4.0
Dodging        | |  0.1

Action                   |  1- 3 |  4- 6 || total
-------------------------+-------+-------++-------
Melee: War axe           |   135 |    67 ||   202
Throw: Boomerang         |       |    22 ||    22
  Eat: Chunk             |     1 |     4 ||     5
Armor: Scale mail        |    89 |    33 ||   122
Dodge: Dodged            |    56 |    25 ||    81
Block: Kite shield       |    87 |    33 ||   120

Table legend:
 A = Non-vault XP
 B = Vault XP
 C = Vault XP percentage of total XP
 D = Non-vault monster count
 E = Vault monster count
 F = Vault count percentage of total count
                 A         B        C        D         E       F
            +---------+---------+-------+---------+---------+-------
      Total |     159 |       5 |   3.0 |      64 |       4 |   5.9
            +---------+---------+-------+---------+---------+-------
        D:1 |      48 |       5 |   9.4 |      29 |       4 |  12.1
        D:2 |      59 |       0 |   0.0 |      20 |       0 |   0.0
        D:3 |      52 |       0 |   0.0 |      15 |       0 |   0.0
            +---------+---------+-------+---------+---------+-------
